 Dungeon Crawl Stone Soup version 0.26-a0-547-g695e311587 (webtiles) character file.

Game seed: 17267094232733269692

236 Aksej the Shield-Bearer (level 6, -1/53 HPs)
             Began as a Gnoll Fighter on Aug 20, 2020.
             Slain by a wight
             ... wielding a +0 flail
              (4 damage)
             ... on level 3 of the Dungeon.
             The game lasted 00:05:10 (2221 turns).

Aksej the Shield-Bearer (Gnoll Fighter)             Turns: 2221, Time: 00:05:10

Health: -1/53      AC: 11    Str: 18    XL:     6   Next: 6%
Magic:  8/8        EV:  5    Int: 11    God:
Gold:   113        SH: 12    Dex: 16    Spells: 8/8 levels left

rFire    . . .     SeeInvis .   a - +0 war axe
rCold    . . .     Faith    .   c - +2 kite shield
rNeg     . . .     Spirit   .   j - +0 chain mail
rPois    .         Reflect  .   g - +0 helmet
rElec    .         Harm     .   (no cloak)
rCorr    .                      (no gloves)
MR       .....                  (no boots)
Stlth    ..........             (no amulet)
HPRegen  0.17/turn              (no ring)
MPRegen  0.11/turn              (no ring)

@: mighty, heavily drained
A: distributed training, fangs 1, strong nose
a: no special abilities


You were on level 3 of the Dungeon.
You visited 1 branch of the dungeon, and saw 3 of its levels.

You collected 113 gold pieces.

Inventory:

Hand Weapons
 a - a +0 war axe (weapon)
Armour
 c - a +2 kite shield (worn)
 g - a +0 helmet (worn)
 j - a +0 chain mail (worn)
Scrolls
 b - a scroll of amnesia
 e - 2 scrolls of teleportation
 i - a scroll of fog
Potions
 d - 2 potions of might
 h - a potion of lignification


   Skills:
 + Level 6.8(5.0) Fighting
 + Level 1.8(0.2) Short Blades
 + Level 1.8(0.2) Long Blades
 + Level 4.9(3.2) Axes
 + Level 1.8(0.2) Maces & Flails
 + Level 1.8(0.2) Polearms
 + Level 1.8(0.2) Staves
 + Level 1.8(0.2) Slings
 + Level 1.8(0.2) Bows
 + Level 1.8(0.2) Crossbows
 + Level 1.8(0.2) Throwing
 + Level 6.8(5.0) Armour
 + Level 1.8(0.2) Dodging
 + Level 1.8(0.2) Stealth
 + Level 6.8(5.0) Shields
 + Level 1.8(0.2) Unarmed Combat
 + Level 1.8(0.2) Spellcasting
 + Level 1.4(0.0) Conjurations
 + Level 1.4(0.0) Hexes
 + Level 1.4(0.0) Summonings
 + Level 1.4(0.0) Necromancy
 + Level 1.4(0.0) Translocations
 + Level 1.4(0.0) Transmutations
 + Level 1.4(0.0) Fire Magic
 + Level 1.4(0.0) Ice Magic
 + Level 1.4(0.0) Air Magic
 + Level 1.4(0.0) Earth Magic
 + Level 1.4(0.0) Poison Magic
 + Level 2.0(0.4) Invocations
 + Level 1.8(0.2) Evocations


You had 8 spell levels left.
You didn't know any spells.
Your spell library contained the following spells:

 Spells                   Type           Power        Failure   Level
 Confusing Touch          Hex            #.......     100%        3
 Gell's Gravitas          Tloc           #.........   100%        3
 Petrify                  Tmut/Erth      #.......     100%        4
 Metabolic Englaciation   Hex/Ice        #.........   100%        5
 Yara's Violent Unravell  Hex/Tmut       #.........   100%        5


Dungeon Overview and Level Annotations

Branches:
Dungeon (3/15)

Altars:
Dithmenos
Makhleb


Innate Abilities, Weirdness & Mutations

Your experience applies equally to all skills.
You have very sharp teeth.
Your uncanny sense of smell can sniff out nearby items.


Message History

* * * LOW HITPOINT WARNING * * *
You slash the wight!
You destroy the wight!
Your base Invocations skill increases to level 2!
You have reached level 6!
Your experience leads to an increase in your attributes!
Increase (S)trength, (I)ntelligence, or (D)exterity?
You feel agile. You block the wight's attack.
You closely miss the wight. You block the wight's attack.
You slash the wight!
The wight is heavily damaged.
You block the wight's attack.
You barely miss the wight.
The wight is heavily damaged.
The wight hits you but does no damage.
You slash the wight!
The wight is almost destroyed.
The wight hits you with a +0 flail.
You die... #.# #.# ### ... ..# ∆ #.##### #.# ....... #.# #Jg

..# #.# #### #z#
#.# #.# #... #@#
#.# #.# #.##
#.###.#####.###.##
#.................
#...##.########...
###.##.# #.##
#.##.# #.## #.##.#
#... #.##.. ##.##
#.#### .....


You could see a wight, an ooze and a hobgoblin.

Vanquished Creatures
  2 wights (D:3)
  Jessica (D:2)
  Terence (D:2)
  Robin (D:2)
  2 adders (D:2)
  A white imp (D:2)
  A worm (D:2)
  3 dart slugs
  A leopard gecko (D:1)
  3 bats
  3 giant cockroaches
  17 goblins
  9 hobgoblins
  5 jackals (D:3)
  A quokka (D:3)
  A ball python (D:2)
  3 frilled lizards
  A kobold (D:1)
  3 rats
59 creatures vanquished.

Notes
Turn   | Place    | Note
-------+----------+-------------------------------------------
     0 | D:1      | Aksej the Gnoll Fighter began the quest for the Orb.
     0 | D:1      | Reached XP level 1. HP: 23/23 MP: 1/1
   156 | D:1      | Reached XP level 2. HP: 29/29 MP: 2/2
   899 | D:2      | Noticed Robin
   901 | D:2      | Reached XP level 3. HP: 33/35 MP: 3/3
   913 | D:2      | Reached skill level 1 in Invocations
   915 | D:2      | Killed Robin
   916 | D:2      | Reached skill level 1 in Short Blades
   916 | D:2      | Reached skill level 1 in Long Blades
   916 | D:2      | Reached skill level 1 in Maces & Flails
   916 | D:2      | Reached skill level 1 in Polearms
   916 | D:2      | Reached skill level 1 in Staves
   916 | D:2      | Reached skill level 1 in Slings
   916 | D:2      | Reached skill level 1 in Bows
   916 | D:2      | Reached skill level 1 in Crossbows
   916 | D:2      | Reached skill level 1 in Throwing
   916 | D:2      | Reached skill level 1 in Dodging
   916 | D:2      | Reached skill level 1 in Stealth
   916 | D:2      | Reached skill level 1 in Unarmed Combat
   916 | D:2      | Reached skill level 1 in Spellcasting
   916 | D:2      | Reached skill level 1 in Evocations
   916 | D:2      | Reached XP level 4. HP: 16/41 MP: 5/5
  1222 | D:2      | Noticed Terence
  1225 | D:2      | Noticed Jessica
  1230 | D:2      | Killed Jessica
  1230 | D:2      | Reached skill level 1 in Conjurations
  1230 | D:2      | Reached skill level 1 in Hexes
  1230 | D:2      | Reached skill level 1 in Summonings
  1230 | D:2      | Reached skill level 1 in Necromancy
  1230 | D:2      | Reached skill level 1 in Translocations
  1230 | D:2      | Reached skill level 1 in Transmutations
  1230 | D:2      | Reached skill level 1 in Fire Magic
  1230 | D:2      | Reached skill level 1 in Ice Magic
  1230 | D:2      | Reached skill level 1 in Air Magic
  1230 | D:2      | Reached skill level 1 in Earth Magic
  1230 | D:2      | Reached skill level 1 in Poison Magic
  1238 | D:2      | Killed Terence
  1238 | D:2      | Reached XP level 5. HP: 39/47 MP: 6/6
  1397 | D:2      | Found a burning altar of Makhleb.
  1954 | D:2      | Found a shadowy altar of Dithmenos.
  2216 | D:3      | HP: 2/47 [wight/+0 great sword (9)]
  2217 | D:3      | Reached XP level 6. HP: 2/53 MP: 8/8
  2221 | D:3      | Slain by a wight

Illustrated notes

Levels and vault maps discovered:
D:1:      dpeg_arrival_rooms_b, layout_basic, chequers_serial_rivers_small_3,
          minivault_24, dk_noncrumbling_4
D:2:      layout_loops_cross, marbit_many_paths, lightli_temple_of_fire,
          uniq_terence, uniq_jessica, uniq_robin
D:3:      layout_loops_ring, chequers_ecumenical_altar_simple_redux,
          uniq_sigmund, uniq_natasha

Skill      XL: |  1  2  3  4  5 |
---------------+----------------+-----
Invocations    | 1 2 |  2.0
Short Blades   | 1 |  1.8
Long Blades    | 1 |  1.8
Maces & Flails | 1 |  1.8
Polearms       | 1 |  1.8
Staves         | 1 |  1.8
Slings         | 1 |  1.8
Bows           | 1 |  1.8
Crossbows      | 1 |  1.8
Throwing       | 1 |  1.8
Dodging        | 1 |  1.8
Stealth        | 1 |  1.8
Unarmed Combat | 1 |  1.8
Spellcasting   | 1 |  1.8
Evocations     | 1 |  1.8
Conjurations   | 1 |  1.4
Hexes          | 1 |  1.4
Summonings     | 1 |  1.4
Necromancy     | 1 |  1.4
Translocations | 1 |  1.4
Transmutations | 1 |  1.4
Fire Magic     | 1 |  1.4
Ice Magic      | 1 |  1.4
Air Magic      | 1 |  1.4
Earth Magic    | 1 |  1.4
Poison Magic   | 1 |  1.4
Fighting       | |  6.8
Axes           | |  4.9
Armour         | |  6.8
Shields        | |  6.8

Action                   |  1- 3 |  4- 6 || total
-------------------------+-------+-------++-------
Melee: War axe           |    56 |   105 ||   161
       Bite              |     5 |    11 ||    16
  Use: Scroll            |     4 |     5 ||     9
       Potion            |     3 |     2 ||     5
Armor: Scale mail        |    22 |    12 ||    34
       Chain mail        |       |    31 ||    31
Dodge: Dodged            |     9 |    19 ||    28
Block: Kite shield       |    35 |    62 ||    97

Table legend: (Time is in decaauts)
 A = Elapsed time spent in this place.
 B = Non-inter-level travel time spent in this place.
 C = Inter-level travel time spent in this place.
 D = Time resting spent in this place.
 E = Time spent auto-exploring this place.
 F = Levels seen in this place.
 G = Mean time per level.
                   A        B        C        D        E       F      G
               +--------+--------+--------+--------+--------+-----+--------+
         Total |   2278 |   2223 |     55 |      0 |   1820 |   3 |  759.3 |
       Dungeon |   2278 |   2223 |     55 |      0 |   1820 |   3 |  759.3 |
               +--------+--------+--------+--------+--------+-----+--------+

Top non-repeatable levels by time:
     D:2: 1257 daAuts
     D:1: 890 daAuts
     D:3: 130 daAuts
